 Dungeon Crawl Stone Soup version 0.30-a0-1112-gfb780f5df6 (webtiles) character file.

Game seed: 12741193783507077523

2583 Elsrick the Martial Artist (level 9, -13/67 HPs)
             Began as a Human Monk on Apr 20, 2023.
             Was a Believer of the Shining One.
             Mangled by a human
             ... wielding a +2 heavy hand axe
              (15 damage)
             ... in a bailey.
             The game lasted 00:25:51 (8388 turns).

Elsrick the Martial Artist (Human Monk)             Turns: 8388, Time: 00:25:51

Health: -13/67     AC:  6    Str: 12    XL:     9   Next: 88%
Magic:  9/9        EV: 15    Int: 11    God:    the Shining One [**....]
Gold:   295        SH:  0    Dex: 19    Spells: 8/8 levels left

rFire   + . .      SeeInvis .      - Unarmed
rCold   x . .      Faith    .    c - orb {light}
rNeg    + + .      Spirit   .    A - +2 leather armour {rN+}
rPois   .          Reflect  .    (no helmet)
rElec   .          Rampage  .    (no cloak)
rCorr   .                        p - +0 pair of gloves
Will    +....                    (no boots)
Stlth   +                        (no amulet)
HPRegen 0.31/turn                v - ring of willpower
MPRegen 0.11/turn                G - ring of fire

@: glowing
A: no striking features
a: Renounce Religion, Divine Shield


You were in a bailey.
You worshipped the Shining One.
The Shining One was pleased with you.
You visited 2 branches of the dungeon, and saw 8 of its levels.
You also visited: Bailey.

You collected 295 gold pieces.

Inventory:

Hand Weapons
 B - a +4 dagger
 D - a +1 heavy sling
Missiles
 j - a boomerang of dispersal
 s - 6 poisoned darts (quivered)
 t - 2 throwing nets
Armour
 a - a +0 robe
 c - an orb of light (worn)
 p - a +0 pair of gloves (worn)
 A - a +2 leather armour of positive energy (worn)
Magical Staves
 w - a staff of fire
 y - a staff of air
Jewellery
 v - a ring of willpower (left hand)
 G - a ring of fire (right hand)
Wands
 m - a wand of flame (30)
Scrolls
 d - 2 scrolls of butterflies {unknown}
 e - 4 scrolls of amnesia
 l - 2 scrolls of immolation {unknown}
 n - a scroll of noise
 r - 2 scrolls of teleportation
 u - a scroll of brand weapon {unknown}
 z - 2 scrolls of identify
 C - a scroll of acquirement {unknown}
 F - a scroll of enchant armour {unknown}
Potions
 b - a potion of ambrosia
 f - 3 potions of flight {unknown}
 g - 4 potions of curing
 h - a potion of resistance {unknown}
 k - a potion of degeneration {unknown}
 o - a potion of lignification {unknown}
 q - a potion of attraction {unknown}
 x - a potion of haste {unknown}
 E - a potion of mutation {unknown}
 H - a potion of invisibility {unknown}


   Skills:
 + Level 4.9 Fighting
 + Level 2.5 Throwing
 + Level 2.6 Armour
 + Level 6.2 Dodging
 + Level 1.8 Stealth
 + Level 10.2 Unarmed Combat


You had 8 spell levels left.
You didn't know any spells.
Your spell library contained the following spells:

 Spells                   Type           Power      Damage    Failure   Level
 Sting                    Tmut/Pois      0%         1d3       41%         1
 Poisonous Vapours        Pois/Air       0%         N/A       56%         2
 Call Canine Familiar     Summ           0%         N/A       80%         3
 Portal Projectile        Hex/Tloc       0%         N/A       80%         3
 Leda's Liquefaction      Hex/Erth       0%         N/A       99%         4
 Olgreb's Toxic Radiance  Pois           0%         N/A       99%         4


Dungeon Overview and Level Annotations

Branches:
Dungeon (7/15)             Temple (1/1) D:4          Bailey (1/1)

Altars:
Ashenzari
Cheibriados
Dithmenos
Elyvilon
Fedhas
Hepliaklqana
Kikubaaqudgha
Makhleb
Nemelex Xobeh
Okawaru
Qazlal
Ru
Trog
Uskayaw
Vehumet
Wu Jian
Xom
Yredelemnul
The Shining One

Shops:
D:1 [   D:3 (


Message History

You hit the human but do no damage.
The human is heavily wounded.
The hobgoblin hits you with a +0 hand axe.
The human closely misses you.
You hit the human.
The human is severely wounded.
The human hits you with a +2 heavy hand axe!
The hobgoblin barely misses you. The human misses you.
The human hits you with a +1 heavy hand axe!
* * * LOW HITPOINT WARNING * * *
You barely miss the human.
The hobgoblin hits you but does no damage.
The human hits you with a +0 war axe.
* * * LOW HITPOINT WARNING * * *
You feel much better.
The human hits you with a +2 heavy hand axe!
The human hits you but does no damage. The hobgoblin closely misses you.
The human hits you with a +0 war axe.
* * * LOW HITPOINT WARNING * * *
You hit the human but do no damage.
The human is severely wounded.
You hit the human but do no damage.
The human is severely wounded.
The hobgoblin misses you. The human hits you with a +0 war axe.
* * * LOW HITPOINT WARNING * * *
The human hits you with a +2 heavy hand axe!
* * * LOW HITPOINT WARNING * * *
The human misses you.
You feel better.
The hobgoblin hits you but does no damage.
The human hits you with a +0 war axe!
* * * LOW HITPOINT WARNING * * *
The human completely misses you. The human closely misses you.
You punch the human!
The human is almost dead.
The hobgoblin barely misses you. The human closely misses you.
You hit the human but do no damage.
The human is almost dead.
The human hits you with a +2 heavy hand axe!
You die...

##### ## ##~~~##
..## #~~~~(#....##
#####~~~~p'.....#
##.p@##~~~~#..p...
#..pgp†~~~## .p.##
#....†##### ###
#..∩..+ ##...##
#####


You could see 3 humans and a hobgoblin.

Vanquished Creatures
  Pikel (D:6)
  Eustachio (D:6)
  2 water moccasins (D:6)
  An ice beast (D:6)
  A sky beast (D:7)
  3 ogres
  3 black bears
  A phantom (D:7)
  A scorpion (D:5)
  3 bullfrogs
  2 hounds
  An orc priest (D:7)
  2 gnoll boudas (D:6)
  A jelly (D:5)
  3 orc wizards (D:6)
  A sleepcap (D:5)
  6 iguanas
  A mummy (D:6)
  17 gnolls
  3 adders
  A white imp (D:6)
  An ufetubus (D:7)
  2 worms
  19 orcs
  4 bats
  11 endoplasms
  3 giant cockroaches
  12 goblins
  12 hobgoblins
  7 jackals
  12 kobolds
  5 quokkas
  5 ball pythons
  4 frilled lizards
  2 kobold zombies (D:6)
  2 orc zombies (D:6)
  6 rats
162 creatures vanquished.

Notes
Turn   | Place    | Note
-------+----------+-------------------------------------------
     0 | D:1      | Elsrick the Human Monk began the quest for the Orb.
     0 | D:1      | Reached XP level 1. HP: 18/18 MP: 1/1
    79 | D:1      | Reached XP level 2. HP: 15/24 MP: 2/2
   272 | D:1      | Reached XP level 3. HP: 25/29 MP: 3/3
   920 | D:1      | Found Uttoaggunac's Armour Boutique.
  1618 | D:2      | Reached XP level 4. HP: 22/35 MP: 4/4
  1751 | D:2      | Reached skill level 4 in Unarmed Combat
  2607 | D:3      | Found Heluss's Weapon Shop.
  2718 | D:3      | Reached XP level 5. HP: 10/41 MP: 5/5
  2974 | D:3      | Found a bloodstained altar of Trog.
  3320 | D:4      | Found a staircase to the Ecumenical Temple.
  3326 | D:4      | Noticed a black bear
  3356 | D:4      | Killed a black bear
  3357 | D:4      | Reached skill level 5 in Unarmed Combat
  3357 | D:4      | Reached XP level 6. HP: 44/47 MP: 6/6
  3390 | Temple   | Entered the Ecumenical Temple
  4500 | D:5      | Entered Level 5 of the Dungeon
  4585 | D:5      | Reached skill level 1 in Stealth
  4589 | D:5      | Reached skill level 6 in Unarmed Combat
  4602 | D:5      | Reached XP level 7. HP: 30/53 MP: 7/7
  5154 | D:4      | Reached skill level 7 in Unarmed Combat
  5325 | D:5      | Reached skill level 5 in Dodging
  5557 | D:5      | Reached XP level 8. HP: 60/60 MP: 8/8
  5604 | D:5      | Found a shadowy altar of Dithmenos.
  5688 | D:5      | Found a glowing golden altar of the Shining One.
  5701 | D:5      | Became a worshipper of the Shining One
  5701 | D:5      | Reached * piety under the Shining One
  5701 | D:5      | Reached ** piety under the Shining One
  6070 | D:6      | Reached skill level 8 in Unarmed Combat
  6946 | D:6      | Noticed Eustachio
  6970 | D:6      | Killed Eustachio
  7187 | D:6      | Reached skill level 1 in Throwing
  7187 | D:6      | Reached XP level 9. HP: 66/66 MP: 9/9
  7197 | D:6      | Reached skill level 9 in Unarmed Combat
  7648 | D:6      | Noticed Pikel
  7670 | D:6      | Killed Pikel
  7671 | D:6      | Reached skill level 1 in Armour
  8006 | D:7      | Reached skill level 10 in Unarmed Combat
  8265 | D:7      | Found a flagged portal.
  8292 | Bailey   | Entered a bailey
  8386 | Bailey   | HP: 2/67 [human/+0 war axe (9)]
  8388 | Bailey   | Mangled by a human

Illustrated notes

Levels and vault maps discovered:
D:1:      dpeg_arrival_morbid_curiosity, layout_basic, serial_shops,
          nicolae_shop_trees, serial_bayou_crossing
D:2:      layout_loops_corners
D:3:      layout_loops_ring, bloody_trog, serial_shops,
          nicolae_shop_bloodbath_and_beyond
D:4:      layout_loops_corners, minmay_temple_entry_large_hall
D:5:      layout_rooms, nicolae_tso_swordbearing_angel,
          grunt_dithmenos_smoke_and_mirrors
D:6:      layout_cave_pods, minmay_mini_ossuary, uniq_eustachio, uniq_pikel
D:7:      layout_basic, enter_bailey_4
Temple:   regret_index_temple_sphere_string
Bailey:   bailey_axe_froggy_fort_hellmonk, bailey

Skill      XL: |  1  2  3  4  5  6  7  8  9 |
---------------+----------------------------+-----
Unarmed Combat | 4 5 6 7 8 10 | 10.2
Dodging        | 4 5 6 |  6.2
Stealth        | 1 |  1.8
Fighting       | 4 |  4.9
Throwing       | 1 2 |  2.5
Armour         | 2 |  2.6

Action                     |  1- 3 |  4- 6 |  7- 9 || total
---------------------------+-------+-------+-------++-------
  Melee: Unarmed           |   126 |   200 |   316 ||   642
  Throw: Dart              |       |       |    31 ||    31
         Boomerang         |       |       |     1 ||     1
    Use: Scroll            |       |     4 |     1 ||     5
         Potion            |       |     3 |     4 ||     7
 Armour: Robe              |    27 |    31 |    30 ||    88
         Leather armour    |       |       |    25 ||    25
  Dodge: Dodged            |    82 |   118 |   267 ||   467

Table legend: (Time is in decaauts)
 A = Elapsed time spent in this place.
 B = Non-inter-level travel time spent in this place.
 C = Inter-level travel time spent in this place.
 D = Time resting spent in this place.
 E = Time spent auto-exploring this place.
 F = Levels seen in this place.
 G = Mean time per level.
                   A        B        C        D        E       F      G
               +--------+--------+--------+--------+--------+-----+--------+
         Total |   8328 |   7955 |    373 |   1938 |   3946 |   9 |  925.3 |
       Dungeon |   8001 |   7644 |    357 |   1896 |   3795 |   7 | 1143.0 |
        Temple |    232 |    216 |     16 |      0 |    151 |   1 |  232.0 |
        Bailey |     94 |     94 |      0 |     42 |      0 |   1 |   94.0 |
               +--------+--------+--------+--------+--------+-----+--------+

Top non-repeatable levels by time:
     D:6: 1914 daAuts
     D:4: 1590 daAuts
     D:1: 1319 daAuts
     D:2: 1071 daAuts
     D:5: 939 daAuts
     D:3: 878 daAuts
     D:7: 286 daAuts
  Temple: 232 daAuts
  Bailey: 94 daAuts
